[ AOE2 MATCH · #495338441 ]
UnrankedWei vs Romans
Player's team · LOSS
Rival team · WIN
[ REPLAY ANALYSIS · EXTRACTED FROM THE RECORDED GAME ]
Feudal
9:43
Castle
—
Imperial
—
| APM avg | 68.3 |
| APM peak | 115 |
| eAPM avg | 43.8 |
| Villagers / military | 45 / 23 |
Focus
⚔️ 32.9% · 🌾 67.1%
Archer ×23
Feudal
9:16
Castle
—
Imperial
—
| APM avg | 54.9 |
| APM peak | 93 |
| eAPM avg | 19.7 |
| Villagers / military | 46 / 13 |
Focus
⚔️ 26.4% · 🌾 73.6%
Archer ×10 · Militia ×3
Match map
Initial resources + every placement click. Lines = walls · curves = elevation contours. ◆ gold · ⬟ stone · ● berries · ✦ relic · ◌ wall gap
Your base· Open — unwalled flank
Gabi's base· Open — unwalled flank
Smoothed initial terrain · ◌ = detected wall gap · hover for details
Inputs per minute
— Dobbs351 - - Gabi
Build order — Dobbs351
121 actions detected in the replay
| 0:00 | Create | Villager (Male) |
| 0:00 | Create | Villager (Male) |
| 0:02 | Build | House |
| 0:02 | Build | House |
| 0:14 | Create | Villager (Male) |
| 0:14 | Create | Villager (Male) |
| 1:26 | Create | Villager (Male) |
| 1:26 | Create | Villager (Male) |
| 1:49 | Build | Lumber Camp |
| 1:59 | Create | Villager (Male) |
| 1:59 | Create | Villager (Male) |
| 2:21 | Create | Villager (Male) |
| 2:21 | Create | Villager (Male) |
| 2:45 | Create | Villager (Male) |
| 3:16 | Create | Villager (Male) |
| 3:30 | Create | Villager (Male) |
| 3:33 | Build | House |
| 3:58 | Create | Villager (Male) |
| 4:03 | Build | House |
| 4:13 | Build | Palisade Wall |
| 4:13 | Build | Palisade Wall |
| 4:15 | Create | Villager (Male) |
| 4:34 | Create | Villager (Male) |
| 5:19 | Create | Villager (Male) |
| 5:19 | Create | Villager (Male) |
| 5:34 | Build | Mill |
| 5:48 | Create | Villager (Male) |
| 6:14 | Build | Palisade Wall |
| 6:22 | Build | Palisade Wall |
| 6:23 | Build | Palisade Wall |
| 6:23 | Build | Palisade Wall |
| 6:25 | Build | Palisade Wall |
| 6:30 | Build | Palisade Wall |
| 6:34 | Create | Villager (Male) |
| 6:46 | Build | Palisade Wall |
| 6:57 | Research | Loom |
| 7:22 | Build | Palisade Wall |
| 7:25 | Build | Palisade Wall |
| 7:33 | Research | Feudal Age |
| 7:33 | Research | Feudal Age |
| 7:50 | Create | Villager (Male) |
| 8:01 | Create | Villager (Male) |
| 8:10 | Build | Lumber Camp |
| 9:02 | Build | House |
| 9:43 | Age | Feudal Age |
| 9:45 | Research | Double-Bit Axe |
| 9:45 | Research | Horse Collar |
| 9:57 | Build | Barracks |
| 9:59 | Create | Villager (Male) |
| 10:28 | Create | Villager (Male) |
| 10:50 | Build | House |
| 10:56 | Build | Archery Range |
| 10:57 | Create | Villager (Male) |
| 10:59 | Build | House |
| 11:10 | Create | Villager (Male) |
| 11:24 | Create | Villager (Male) |
| 11:40 | Build | Archery Range |
| 11:40 | Create | Villager (Male) |
| 12:02 | Build | House |
| 12:12 | Build | Mining Camp |
| 12:12 | Create | Villager (Male) |
| 12:14 | Create | Archer |
| 12:38 | Create | Villager (Male) |
| 12:44 | Research | Horse Collar |
| 12:44 | Research | Horse Collar |
| 12:57 | Build | House |
| 13:07 | Create | Villager (Male) |
| 13:15 | Build | House |
| 13:21 | Create | Archer |
| 13:28 | Create | Villager (Male) |
| 13:30 | Build | Blacksmith |
| 13:36 | Build | Lumber Camp |
| 13:40 | Create | Villager (Male) |
| 13:43 | Create | Archer |
| 13:49 | Build | Palisade Gate |
| 13:54 | Create | Archer |
| 13:54 | Create | Villager (Male) |
| 14:00 | Build | Palisade Gate |
| 14:04 | Build | Palisade Gate |
| 14:08 | Create | Villager (Male) |
| 14:09 | Create | Archer |
| 14:18 | Research | Fletching |
| 14:18 | Research | Fletching |
| 14:19 | Create | Villager (Male) |
| 14:21 | Create | Villager (Male) |
| 14:31 | Create | Villager (Male) |
| 14:32 | Create | Villager (Male) |
| 14:39 | Create | Archer |
| 14:39 | Create | Archer |
| 14:46 | Build | Farm |
| 14:47 | Create | Villager (Male) |
| 14:48 | Build | Farm |
| 14:57 | Create | Archer |
| 15:07 | Build | House |
| 15:15 | Build | Lumber Camp |
| 15:19 | Create | Villager (Male) |
| 15:29 | Create | Archer |
| 15:29 | Create | Archer |
| 15:40 | Build | House |
| 15:47 | Build | Farm |
| 15:51 | Build | Farm |
| 15:55 | Create | Archer |
| 16:00 | Build | House |
| 16:08 | Create | Archer |
| 16:09 | Create | Archer |
| 16:09 | Create | Villager (Male) |
| 16:24 | Create | Archer |
| 16:24 | Create | Archer |
| 16:27 | Build | Watch Tower |
| 16:31 | Create | Archer |
| 16:31 | Create | Archer |
| 16:47 | Create | Villager (Male) |
| 16:55 | Create | Archer |
| 16:56 | Create | Archer |
| 17:02 | Create | Villager (Male) |
| 17:29 | Create | Villager (Male) |
| 17:32 | Create | Archer |
| 17:32 | Create | Archer |
| 17:35 | Build | Farm |
| 17:40 | Create | Archer |
| 17:40 | Create | Archer |
Build order — Gabi
108 actions detected in the replay
| 0:01 | Create | Villager (Male) |
| 0:01 | Create | Villager (Male) |
| 0:01 | Create | Villager (Male) |
| 0:02 | Build | House |
| 0:04 | Build | House |
| 1:00 | Create | Villager (Male) |
| 1:36 | Create | Villager (Male) |
| 1:57 | Create | Villager (Male) |
| 1:57 | Create | Villager (Male) |
| 1:59 | Build | Lumber Camp |
| 2:21 | Create | Villager (Male) |
| 2:53 | Create | Villager (Male) |
| 3:13 | Create | Villager (Male) |
| 3:37 | Create | Villager (Male) |
| 3:50 | Build | House |
| 4:01 | Create | Villager (Male) |
| 4:29 | Create | Villager (Male) |
| 4:46 | Create | Villager (Male) |
| 4:57 | Create | Villager (Male) |
| 5:04 | Create | Villager (Male) |
| 5:43 | Build | Mill |
| 6:08 | Create | Villager (Male) |
| 6:29 | Research | Loom |
| 6:56 | Research | Feudal Age |
| 7:00 | Build | Barracks |
| 7:49 | Create | Militia |
| 7:50 | Create | Militia |
| 7:53 | Build | House |
| 8:22 | Build | Mining Camp |
| 8:42 | Create | Militia |
| 8:48 | Build | House |
| 9:16 | Age | Feudal Age |
| 9:20 | Research | Man-at-Arms (upgrade) |
| 9:20 | Create | Villager (Male) |
| 9:22 | Research | Double-Bit Axe |
| 9:37 | Create | Villager (Male) |
| 9:48 | Create | Villager (Male) |
| 10:14 | Build | Watch Tower |
| 10:19 | Create | Villager (Male) |
| 10:33 | Build | Farm |
| 10:49 | Create | Villager (Male) |
| 11:11 | Build | Archery Range |
| 11:19 | Create | Villager (Male) |
| 11:29 | Build | House |
| 11:42 | Create | Villager (Male) |
| 11:44 | Build | Farm |
| 11:56 | Create | Villager (Male) |
| 12:06 | Create | Archer |
| 12:09 | Build | Blacksmith |
| 12:19 | Create | Archer |
| 12:24 | Build | House |
| 12:25 | Create | Villager (Male) |
| 12:35 | Create | Villager (Male) |
| 12:44 | Research | Fletching |
| 12:52 | Build | Lumber Camp |
| 12:59 | Create | Archer |
| 13:10 | Create | Archer |
| 13:14 | Build | Outpost |
| 13:16 | Create | Villager (Male) |
| 13:17 | Build | House |
| 13:19 | Build | Palisade Wall |
| 13:39 | Build | House |
| 13:41 | Build | Palisade Wall |
| 13:53 | Create | Villager (Male) |
| 13:54 | Create | Archer |
| 14:00 | Create | Archer |
| 14:18 | Create | Villager (Male) |
| 14:21 | Build | House |
| 14:41 | Create | Villager (Male) |
| 14:43 | Build | Farm |
| 14:44 | Build | Farm |
| 14:44 | Build | Farm |
| 15:03 | Research | Scale Mail Armor |
| 15:08 | Create | Villager (Male) |
| 15:09 | Create | Archer |
| 15:14 | Build | Farm |
| 15:15 | Build | Farm |
| 15:33 | Create | Villager (Male) |
| 15:35 | Build | Palisade Wall |
| 15:49 | Create | Villager (Male) |
| 15:50 | Build | Palisade Wall |
| 15:53 | Build | Palisade Wall |
| 15:57 | Build | House |
| 15:59 | Build | Farm |
| 16:06 | Create | Archer |
| 16:08 | Create | Villager (Male) |
| 16:20 | Create | Archer |
| 16:22 | Create | Villager (Male) |
| 16:26 | Build | Farm |
| 16:28 | Build | House |
| 16:33 | Create | Villager (Male) |
| 16:34 | Build | Palisade Wall |
| 16:38 | Create | Villager (Male) |
| 16:46 | Build | House |
| 16:48 | Build | Palisade Wall |
| 16:53 | Create | Villager (Male) |
| 17:05 | Create | Villager (Male) |
| 17:08 | Create | Archer |
| 17:15 | Create | Villager (Male) |
| 17:19 | Create | Villager (Male) |
| 17:26 | Create | Villager (Male) |
| 17:35 | Build | Farm |
| 17:37 | Create | Villager (Male) |
| 17:43 | Build | Palisade Gate |
| 17:44 | Create | Villager (Male) |
| 17:44 | Create | Villager (Male) |
| 17:47 | Build | House |
| 18:02 | Build | Farm |
Match timeline
| 4:13 | Dobbs351 · wall_segment Palisade Wall x7 |
| 4:13 | Dobbs351 · wall_segment Palisade Wall x4 |
| 6:14 | Dobbs351 · wall_segment Palisade Wall x1 |
| 6:22 | Dobbs351 · wall_segment Palisade Wall x1 |
| 6:23 | Dobbs351 · wall_segment Palisade Wall x1 |
| 6:23 | Dobbs351 · wall_segment Palisade Wall x1 |
| 6:25 | Dobbs351 · wall_segment Palisade Wall x1 |
| 6:30 | Dobbs351 · wall_segment Palisade Wall x6 |
| 6:46 | Dobbs351 · wall_segment Palisade Wall x4 |
| 7:00 | Gabi · first_building Barracks |
| 7:22 | Dobbs351 · wall_segment Palisade Wall x5 |
| 7:25 | Dobbs351 · wall_segment Palisade Wall x4 |
| 9:16 | Gabi · age_up feudal |
| 9:43 | Dobbs351 · age_up feudal |
| 9:57 | Dobbs351 · first_building Barracks |
| 10:56 | Dobbs351 · first_building Archery Range |
| 11:11 | Gabi · first_building Archery Range |
| 13:19 | Gabi · wall_segment Palisade Wall x3 |
| 13:41 | Gabi · wall_segment Palisade Wall x3 |
| 15:35 | Gabi · wall_segment Palisade Wall x7 |
| 15:50 | Gabi · wall_segment Palisade Wall x6 |
| 15:53 | Gabi · wall_segment Palisade Wall x7 |
| 16:34 | Gabi · wall_segment Palisade Wall x3 |
| 16:48 | Gabi · wall_segment Palisade Wall x1 |
| 18:05 | Dobbs351 · resign |
[ AI ANALYSIS · 1 CREDIT ]
What really happened in this match?
Wolo.gg analyzes every decision: build order, eco, micro, common mistakes by bracket. Personalized analysis on WhatsApp or Discord in 30 seconds.
Civ guide
Wei
Perfil
Jugador #246423